 Dungeon Crawl Stone Soup version 0.31.0-11-ge490571c62 (webtiles) character file.

Game seed: 18018053392543840256

11190 Jase the Martial Artist (level 11, -41/222 HPs)
             Began as a Yellow Draconian Shapeshifter on Feb 1, 2024.
             Was a Believer of Ru.
             Killed by an exploding komodo dragon (42 damage)
             ... ignited by their inner flame
             ... on level 1 of the Lair of Beasts.
             The game lasted 00:34:24 (10291 turns).

Jase the Martial Artist (DrSh)                     Turns: 10291, Time: 00:34:25

Health: -41/222    AC: 25    Str: 16    XL:     11   Next: 46%
Magic:  11/11      EV:  2    Int: 10    God:    Ru [**....]
Gold:   112        SH:  0    Dex: 22    Spells: 10/10 levels left

rFire   . .          .
                       - Unarmed
rCold   . . .        (no shield)
rNeg    . . .        (body armour unavailable)
rPois   +            (helmet currently unavailable)
rElec   .            F - melded +2 cloak
rCorr   .            y - melded +2 pair of gloves {Stlth+}
SInv    +            (boots currently unavailable)
Will    .....        (no amulet)
Stlth   x              - ring of see invisible
HPRegen 0.57/turn    t - +6 ring of dexterity
MPRegen 0.12/turn

%: no passive effects
@: mighty, berserking, tree-form (expiring), very quick
A: stationary, stasis, torment immunity, boosted hp, (spit acid), AC +7,
unfitting armour, (cold-blooded), no stealth, no air magic, no alchemy magic, no
summoning magic, (acid resistance)
a: Renounce Religion


You were on level 1 of the Lair of Beasts.
You worshipped Ru.
Ru was pleased with you.
You were a tree.
You visited 2 branches of the dungeon, and saw 11 of its levels.

You collected 484 gold pieces.
You spent 372 gold pieces at shops.

Inventory:

Missiles
 f - 3 datura-tipped darts (quivered)
 l - 6 javelins
 n - 19 poisoned darts
 q - 56 stones
 u - 12 boomerangs
 G - 2 throwing nets
Armour
 y - a +2 pair of gloves of stealth (melded)
 F - a +2 cloak (melded)
Jewellery
 t - a +6 ring of dexterity (right branch)
 x - a ring of see invisible (left branch)
Talismans
 b - a beast talisman
 E - a flux talisman (active)
Wands
 c - a wand of roots (15)
 A - a wand of digging (4)
 B - a wand of paralysis (4)
 J - a wand of polymorph (7)
Scrolls
 e - a scroll of enchant armour
 h - 5 scrolls of teleportation
 j - a scroll of revelation
 k - a scroll of silence
 m - 2 scrolls of fog
 w - a scroll of blinking
 C - a scroll of enchant weapon
Potions
 a - 2 potions of lignification
 d - a potion of haste
 g - a potion of magic
 i - a potion of heal wounds
 o - 3 potions of cancellation
 p - 2 potions of might
 r - 2 potions of mutation
 s - a potion of attraction
 v - a potion of brilliance
 z - a potion of enlightenment
 D - a potion of ambrosia
 H - a potion of berserk rage


   Skills:
 - Level 10.0 Fighting
 + Level 5.4 Dodging
 + Level 11.1 Unarmed Combat
 + Level 10.2 Shapeshifting


You had 10 spell levels left.
You didn't know any spells.
Your spell library contained the following spells:

 Spells                   Type           Power      Damage    Failure   Level
 Freeze                   Ice            0%         1d3       36%         1
 Ensorcelled Hibernation  Hex/Ice        0%         N/A       50%         2
 Scorch                   Fire           0%         2d5       50%         2
 Frozen Ramparts          Ice            0%         1d1       75%         3
 Hailstorm                Conj/Ice       0%         3d5       75%         3
 Passwall                 Erth           0%         N/A       75%         3
 Tukima's Dance           Hex            0%         N/A       75%         3
 Flame Wave               Conj/Fire      0%         2d4       98%         4
 Passage of Golubria      Tloc           0%         N/A       98%         4
 Borgnjor's Vile Clutch   Necr/Erth      0%         N/A       100%        5
 Discord                  Hex            0%         N/A       100%        8
 Disjunction              Tloc           0%         N/A       100%        8
 Summon Ice Beast         Ice/Summ       Unusable   N/A       N/A         3
 Swiftness                Air            Unusable   N/A       N/A         3
 Alistair's Intoxication  Alch           Unusable   N/A       N/A         5
 Yara's Violent Unravell  Hex/Alch       Unusable   3d3       N/A         5
 Conjure Ball Lightning   Conj/Air       Unusable   3x3d6     N/A         6
 Eringya's Noxious Bog    Alch           Unusable   4d6       N/A         6
 Sculpt Simulacrum        Ice/Alch       Unusable   N/A       N/A         6
 Summon Cactus Giant      Summ           Unusable   N/A       N/A         6

Dungeon Overview and Level Annotations

Branches:
Dungeon (10/15)            Temple (0/1) D:4            Lair (1/5) D:8
    Orc: D:9-12

Altars:
Hepliaklqana
Kikubaaqudgha
Ru
Sif Muna
Vehumet
The Shining One

Shops:
D:1 (*!=   D:5 *   D:9 [

Annotations:
D:10 Snorg


Innate Abilities, Weirdness & Mutations

You are a tree.
Your roots penetrate the ground, keeping you stationary.
You cannot be teleported.
You are immune to unholy pain and torment.
Your maximum health is greatly increased.
Your equipment is partially melded.
((You can spit globs of acid.))
((Your golden yellow scales are hard. (AC +7)))
You cannot fit into any form of body armour.
((You are cold-blooded and may be slowed by cold attacks.))
You cannot be stealthy.
You cannot study or cast Air magic.
You cannot study or cast Alchemy magic.
You cannot study or cast Summoning magic.
((You are resistant to acid. (rCorr)))


Message History

The black mamba is severely wounded.
The komodo dragon bites you but does no damage.
The black mamba is engulfed in blazing flames.
Flame seeps out of the black mamba.
The black mamba bites you but does no damage.
You miss the black mamba.
The black mamba is almost dead.
The cane toad stings you.
The cane toad stings you but does no damage.
The black mamba is engulfed in blazing flames.
Flame seeps out of the black mamba.
The black mamba bites you but does no damage.
The yak gores you but does no damage. x2; The komodo dragon bites you!
You smack the black mamba!
The black mamba explodes!
The fiery explosion engulfs the yak!!!
The fiery explosion engulfs you!!
* * * LOW HITPOINT WARNING * * *
The fiery explosion engulfs the cane toad!!
The cane toad explodes!
The fiery explosion engulfs the wolf!!
The fiery explosion engulfs the komodo dragon!!!
Flame seeps out of the komodo dragon.
The komodo dragon is almost dead.
The fiery explosion engulfs the yak!!!
Flame seeps out of the yak.
The yak is almost dead.
The fiery explosion engulfs you!!
* * * LOW HITPOINT WARNING * * *
The wolf explodes!
The fiery explosion engulfs the bullfrog!!
The fiery explosion engulfs the yak!!!
The yak explodes!
The fiery explosion engulfs the yak!!!
Flame seeps out of the yak.
The yak is almost dead.
The fiery explosion engulfs the komodo dragon!!!
The fiery explosion engulfs you!!
* * * LOW HITPOINT WARNING * * *
The komodo dragon explodes!
The fiery explosion engulfs the water moccasin!!!
The fiery explosion engulfs the yak!!
The fiery explosion engulfs you!!!
You die...

############### ############### *
###############** *
********######.#.#P#.##.,********
,,,,,,,,......§.§.......,,,,,,,,,
,,,,,,,,......§§§§§.....,,,,,,,,,
,,,,,,,,......§§§°$###..*+*,,,,,,
,,,,,,,,..Y..Y§§♣#......,,,*,,,,,
,,,,,,,,,.####§YF#.#.###**,*,,,,,
,****+*,,#...Y#Fk#.##### *,,,,,,,
,,,,,,,*,+..l.#Sl#.##### *,*,,,,,
,,,,,,,,,#.......#.##### *,,,,,,,
,,,,,,,*,#.......#.#####**,,,,,,,
,,,,,,,*,#....#..#.#..#.,*,,,,,,,
,,,,,,,,,#....#.........,,,*,,,,,
,,,,,,,*,*,,..#..#,*,**,*,*,,,,,,


You could see a komodo dragon, 4 yaks, a cane toad (inner flame), a basilisk
(inner flame), a rime drake (inner flame), a water moccasin (inner flame) and a
bullfrog (inner flame).

Vanquished Creatures
  A two-headed ogre (D:7)
  A boulder beetle (D:10)
  Maurice (D:8)
  A black mamba (Lair:1)
  Joseph (D:8)
  A cane toad (Lair:1)
  2 komodo dragons (Lair:1)
  A kobold demonologist (D:10)
  A hornet (D:10)
  A wraith (D:8)
  22 yaks
  Eustachio (D:5)
  2 wyverns (D:8)
  Grum (D:8)
  3 vampire mosquitoes
  An acid dragon (D:9)
  6 water moccasins
  2 orc warriors
  3 sky beasts
  7 ice beasts
  4 wolves
  An ogre (D:7)
  3 centaurs
  A kobold brigand (D:8)
  2 phantoms
  Blork the orc (D:4)
  4 bullfrogs
  2 gnoll sergeants (D:7)
  7 wights (D:8)
  5 killer bees (D:10)
  5 howler monkeys
  2 electric eels (D:7)
  A bombardier beetle (D:5)
  4 jellies
  4 orc priests
  6 hounds
  2 sleepcaps (D:8)
  3 iguanas (D:5)
  7 orc wizards
  Robin (D:4)
  8 gnolls (D:7)
  6 adders
  2 white imps
  4 ufetubi
  3 ribbon worms
  2 dart slugs
  28 orcs
  10 endoplasms
  14 goblins
  10 hobgoblins
  4 jackals (D:2)
  15 kobolds
  2 quokkas
  9 bats
  4 frilled lizards
  2 rats
  A spectral kobold (D:8)
248 creatures vanquished.

Notes
Turn   | Place    | Note
-------+----------+-------------------------------------------
     0 | D:1      | Jase the Draconian Shapeshifter began the quest for the
                  | Orb.
     0 | D:1      | Reached XP level 1. HP: 16/16 MP: 1/1
   264 | D:1      | Found Noronuil's Antique Weapon Emporium.
   280 | D:1      | Reached XP level 2. HP: 22/23 MP: 2/2
   358 | D:1      | Found Ilobrag's Distillery.
   369 | D:1      | Found Axzoic's Assorted Antiques.
   445 | D:1      | Found Voxzic's Jewellery Shoppe.
   930 | D:2      | Reached XP level 3. HP: 29/29 MP: 3/3
  1187 | D:2      | Identified the +8 hand axe of Jase's Untimely Demise {holy,
                  | Will+}
  1334 | D:2      | Reached XP level 4. HP: 37/37 MP: 4/4
  1836 | D:3      | Found an ancient bone altar of Kikubaaqudgha.
  2058 | D:3      | Found a shimmering blue altar of Sif Muna.
  2076 | D:3      | Found a sacrificial altar of Ru.
  2185 | D:3      | Became a worshipper of Ru the Awakened
  2285 | D:1      | Bought 2 potions of might for 96 gold pieces
  2285 | D:1      | Bought a potion of degeneration for 12 gold pieces
  2590 | D:4      | Noticed Robin
  2610 | D:4      | Killed Robin
  2615 | D:4      | Reached skill level 4 in Unarmed Combat
  2646 | D:4      | Noticed Blork the orc
  2675 | D:4      | Killed Blork the orc
  2676 | D:4      | Reached XP level 5. HP: 20/45 MP: 5/5
  2774 | D:1      | Bought a potion of attraction for 36 gold pieces
  3175 | D:4      | Reached XP level 6. HP: 39/52 MP: 6/6
  3281 | D:1      | Bought a potion of brilliance for 48 gold pieces
  3624 | D:4      | Found a staircase to the Ecumenical Temple.
  3642 | D:5      | Entered Level 5 of the Dungeon
  3710 | D:5      | Noticed an orc warrior
  3719 | D:5      | Killed an orc warrior
  3720 | D:5      | Reached skill level 5 in Unarmed Combat
  3720 | D:5      | Your scales start taking on a golden yellow colour.
  3720 | D:5      | Reached XP level 7. HP: 60/60 MP: 7/7
  3720 | D:5      | Gained mutation: You are resistant to acid. (rCorr) [Yellow
                  | Draconian growth]
  3855 | D:5      | Reached skill level 5 in Shapeshifting
  3857 | D:5      | Reached skill level 5 in Fighting
  4114 | D:5      | Noticed Eustachio
  4335 | D:5      | Killed Eustachio
  4336 | D:5      | Reached skill level 6 in Unarmed Combat
  4336 | D:5      | Reached XP level 8. HP: 60/70 MP: 8/8
  4399 | D:5      | Gained mutation: You cannot be stealthy. [Ru sacrifice]
  4450 | D:5      | Found Xunij's Elemental Accessories.
  5245 | D:6      | Found a radiant altar of Vehumet.
  5295 | D:6      | Reached skill level 7 in Unarmed Combat
  5541 | D:1      | Bought a potion of enlightenment for 60 gold pieces
  5936 | D:7      | Reached XP level 9. HP: 72/75 MP: 9/9
  6230 | D:7      | Found a glowing golden altar of the Shining One.
  6413 | D:7      | Noticed a two-headed ogre
  6453 | D:7      | Killed a two-headed ogre
  6454 | D:7      | Reached skill level 8 in Unarmed Combat
  6983 | D:8      | Noticed Joseph
  7004 | D:8      | Killed Joseph
  7220 | D:7      | Reached XP level 10. HP: 56/88 MP: 10/10
  7321 | D:8      | Reached skill level 9 in Unarmed Combat
  7477 | D:8      | Gained mutation: You cannot study or cast Air magic. [Ru
                  | sacrifice]
  7477 | D:8      | Gained mutation: You cannot study or cast Alchemy magic.
                  | [Ru sacrifice]
  7477 | D:8      | Gained mutation: You cannot study or cast Summoning magic.
                  | [Ru sacrifice]
  7477 | D:8      | Reached * piety under Ru
  7477 | D:8      | Reached ** piety under Ru
  7495 | D:8      | Found a staircase to the Lair.
  8149 | D:8      | Noticed Maurice
  8163 | D:8      | Maurice stole 6 javelins
  8164 | D:8      | Maurice stole a flux talisman
  8172 | D:8      | Killed Maurice
  8173 | D:8      | Reached skill level 10 in Unarmed Combat
  8314 | D:8      | Noticed Grum
  8338 | D:8      | Killed Grum
  8545 | D:8      | Found a hazy altar of Hepliaklqana.
  8700 | D:9      | Reached skill level 10 in Fighting
  8700 | D:9      | Reached XP level 11. HP: 88/99 MP: 11/11
  9170 | D:1      | Bought 2 potions of berserk rage for 120 gold pieces
  9408 | D:9      | Found Nautiv's Antique Armour Boutique.
  9659 | D:10     | Entered Level 10 of the Dungeon
  9790 | D:10     | Noticed a boulder beetle
  9814 | D:10     | Killed a boulder beetle
  9957 | D:10     | Reached skill level 10 in Shapeshifting
 10080 | D:10     | Noticed Snorg
 10145 | Lair:1   | Entered Level 1 of the Lair of Beasts
 10157 | Lair:1   | Reached skill level 5 in Dodging
 10266 | Lair:1   | Reached skill level 11 in Unarmed Combat
 10291 | Lair:1   | HP: 1/222 [spore (24)]
 10291 | Lair:1   | Killed by an exploding komodo dragon... ignited by their
                  | inner flame

Illustrated notes

Levels and vault maps discovered:
D:1:      lemuel_arrival_funnel, layout_basic, serial_shops, shop,
          nicolae_shop_hallway_stairs, nicolae_shop_advertising_works
          [nicolae_subvault_shop_adworks], shop
D:2:      layout_basic
D:3:      layout_basic, kiku_gazebo_pond_becter, jmf_multi_god_temple2
D:4:      layout_basic, minmay_temple_entry_enclosed_plants, uniq_robin,
          uniq_blork_the_orc
D:5:      layout_basic, nicolae_elemental_shop,
          hangedman_abyss_or_decor_lesser_grid, kennysheep_generic_room_12,
          uniq_eustachio
D:6:      layout_loops_ring, nicolae_vehumet_altar_sigil
D:7:      layout_basic, tso_altar, fountainhead
D:8:      layout_loops_ring, nicolae_hepliaklqana_monster_ancestors,
          minmay_lair_entry_grove, uniq_joseph, uniq_grum, uniq_maurice
D:9:      layout_rooms, serial_shops, nicolae_inconvenience_store
D:10:     layout_irregular_city, mainiacjoe_overflow_surrounded_room,
          serial_shops, shop, uniq_snorg
Lair:1:   layout_chaotic_city, st_stairs_10, infiniplex_staircase_pool_2

Skill      XL: |  1  2  3  4  5  6  7  8  9 10 11 |
---------------+----------------------------------+-----
Fighting       | 2 3 4 5 6 8 10 | 10.0
Unarmed Combat | 4 5 6 7 8 10 11 | 11.1
Shapeshifting  | 4 5 6 8 9 10 | 10.2
Dodging        | 4 5 |  5.4

Action                     |  1- 3 |  4- 6 |  7- 9 | 10-12 || total
---------------------------+-------+-------+-------+-------++-------
  Melee: Unarmed           |   120 |   164 |   207 |   296 ||   787
         Tailslap          |     8 |    23 |    53 |    57 ||   141
         Punch             |     1 |     6 |     9 |     7 ||    23
 Invoke: Sacrifice Stealth |       |       |     1 |       ||     1
         Sacrifice Arcana  |       |       |       |     1 ||     1
Ability: Breathe Acid      |       |       |    25 |    17 ||    42
    Use: Scroll            |       |     7 |     3 |     5 ||    15
         Potion            |       |     1 |       |     7 ||     8
   Stab: Sleeping          |     2 |     2 |       |       ||     4
         Distracted        |       |       |     1 |     2 ||     3
 Armour: Skin              |    50 |    85 |   103 |   250 ||   488
  Dodge: Dodged            |    65 |    83 |   115 |   169 ||   432
   Form: Flux              |       |       |       |     1 ||     1
